 Dungeon Crawl Stone Soup version 0.27.1-4-g1640c2035a (webtiles) character file.

Game seed: 16308934631569573397

3417 pkoi the Cutter (level 9, 0/79 HPs)
             Began as a Minotaur Brigand on Nov 14, 2021.
             Was a Priest of Okawaru.
             Slain by Harold (13 damage)
             ... on level 7 of the Dungeon.
             The game lasted 00:11:03 (10218 turns).

pkoi the Cutter (Minotaur Brigand)                 Turns: 10218, Time: 00:11:04

Health: 0/79       AC: 11    Str: 20    XL:     9   Next: 76%
Magic:  10/10      EV:  7    Int:  8    God:    Okawaru [***...]
Gold:   366        SH:  0    Dex: 11    Spells: 8/8 levels left

rFire    + . .     SeeInvis .   a - +1 dagger (venom)
rCold    + . .     Faith    .   (no shield)
rNeg     . . .     Spirit   .   B - +4 ring mail {rF+}
rPois    .         Reflect  .   (helmet restricted)
rElec    .         Harm     .   c - +0 cloak
rCorr    .         Rampage  .   (no gloves)
Will     .....                  (no boots)
Stlth    +.........             (no amulet)
HPRegen  0.23/turn              n - ring of protection from cold
MPRegen  0.12/turn              C - ring of flight

@: flying, held, studying Summonings
A: horns 2, retaliatory headbutt
a: Renounce Religion, Heroism


You were on level 7 of the Dungeon.
You worshipped Okawaru.
Okawaru was most pleased with you.
You visited 2 branches of the dungeon, and saw 8 of its levels.
You also visited: Sewer.

You collected 366 gold pieces.

Inventory:

Hand Weapons
 a - a +1 dagger of venom (weapon)
 b - the +7 hunting sling of the Original Sin {speed, rC+ Int+4 SInv}
   (You found it on level 4 of the Dungeon)

   Attacks with this weapon are significantly faster.
   Int:       It affects your intelligence (+4).
   rC:        It protects you from cold.
   SInv:      It lets you see invisible.
 m - a +2 dagger of freezing
 w - a +0 great sword of holy wrath
 x - a +2 dagger of speed
Missiles
 d - 40 poisoned darts (quivered)
 e - 3 curare-tipped darts
 v - 13 sling bullets
Armour
 c - a +0 cloak (worn)
 k - the +0 chain mail "Buelos" {Rampage rN+}
   (You found it on level 4 of the Dungeon)

   rN:        It protects you from negative energy.
   Rampage:   It bestows one free step when moving towards enemies.
 u - a +0 robe
 B - a +4 ring mail of fire resistance (worn)
Jewellery
 n - a ring of protection from cold (left hand)
 C - a ring of flight (right hand)
 E - a ring of willpower
Wands
 o - a wand of flame (31)
 q - a wand of polymorph (5)
 y - a wand of digging (6)
 D - a wand of paralysis (11)
Scrolls
 f - 8 scrolls of identify
 h - 2 scrolls of magic mapping
 t - 2 scrolls of teleportation
Potions
 g - 3 potions of mutation {unknown}
 i - a potion of might {unknown}
 j - 4 potions of curing
 l - 2 potions of degeneration {unknown}
 p - a potion of brilliance {unknown}
 r - a potion of attraction {unknown}
 s - 3 potions of lignification {unknown}
 z - 2 potions of flight
 A - a potion of resistance {unknown}


   Skills:
 + Level 7.1 Fighting
 + Level 7.8(8.0) Short Blades
 + Level 2.2(5.8) Long Blades
 + Level 5.2(5.4) Slings
 - Level 2.0(3.6) Throwing
 + Level 6.6 Armour
 + Level 6.0 Dodging
 - Level 3.2 Stealth
 + Level 3.9 Invocations
 - Level 2.0 Evocations


You had 8 spell levels left.
You didn't know any spells.
Your spell library contained the following spells:

 Spells                   Type           Power      Damage    Failure   Level
 Sandblast                Erth           0%         2d4       56%         1
 Shock                    Conj/Air       0%         1d3       56%         1
 Passwall                 Tmut/Erth      0%         N/A       71%         2
 Swiftness                Air            0%         N/A       90%         3
 Airstrike                Air            0%         N/A       100%        4
 Lee's Rapid Deconstruct  Erth           0%         3d5*      100%        5
 Summon Forest            Summ/Tloc      0%         N/A       100%        5
 Summon Mana Viper        Hex/Summ       0%         N/A       100%        5
 Invisibility             Hex            0%         N/A       100%        6
 Shadow Creatures         Summ           N/A        N/A       100%        6


Dungeon Overview and Level Annotations

Branches:
Dungeon (7/15)             Temple (1/1) D:7           Sewer (visited)

Altars:
Ashenzari
Cheibriados
Dithmenos
Fedhas
Gozag
Hepliaklqana
Kikubaaqudgha
Makhleb
Okawaru
Qazlal
Trog
Uskayaw
Vehumet
Wu Jian
Xom
Yredelemnul
Zin
The Shining One
Lugonu

Annotations:
D:7 Harold


Innate Abilities, Weirdness & Mutations

You have a pair of horns on your head.
You reflexively headbutt those who attack you in melee.


Message History

Harold shouts!
Harold fires a harpoon shot at you. The harpoon shot hits you.
You are yanked forward by the harpoon shot.
You hit Harold. You headbutt Harold.
Harold is lightly wounded.
Harold hits you with a +3 short sword!
You hit Harold.
Harold is lightly wounded.
Harold hits you with a +3 short sword!
You hit Harold. You headbutt Harold.
Harold is moderately wounded.
You hit Harold but do no damage.
Harold is poisoned.
Your headbutt misses Harold.
Harold is moderately wounded.
Harold closely misses you.
You hit Harold but do no damage.
Harold is moderately wounded.
You hit Harold but do no damage.
Harold looks even sicker.
Harold is moderately wounded.
Harold hits you with a +3 short sword!
* * * LOW HITPOINT WARNING * * *
You completely miss Harold. Your headbutt misses Harold.
Harold is moderately wounded.
Harold hits you with a +3 short sword.
* * * LOW HITPOINT WARNING * * *
You hit Harold but do no damage.
Harold looks as sick as possible!
Harold is moderately wounded.
Harold zaps a wand.
The mass of ice explodes!
The iceblast engulfs you! You partially resist.
* * * LOW HITPOINT WARNING * * *
Harold throws a throwing net.
The throwing net hits you.
You become entangled in the net!
You see here a throwing net.
You struggle against the net.
You tear a large gash into the net.
You struggle against the net.
Harold hits you with a +3 short sword!
* * * LOW HITPOINT WARNING * * *
You struggle against the net.
Harold hits you with a +3 short sword!
You die...

+.<.....#...##...###...........#.
#.......#..........#...........+.
........#..........#...........#.
.###+####..........#...........##
. #...####+###............. .
...##...##...#####....#####.. .
.................#....# #.. .
.................#....# #.. .
............@@...#....# #..
##################....# #..
###### ###


You could see Harold (very poisoned).

Vanquished Creatures
  Pikel (D:5)
  Grinder (D:5)
  Sigmund (D:6)
  A wyvern (D:7)
  A water moccasin (D:5)
  An acid dragon (D:5)
  Duvessa (D:6)
  A sky beast (D:6)
  3 orc warriors
  2 ice beasts
  2 phantoms
  A kobold brigand (Sewer)
  A lemure (D:6)
  3 bullfrogs
  2 scorpions (D:5)
  A wyvern skeleton (D:7)
  A water moccasin zombie (D:5)
  Dowan (D:6)
  A bullfrog zombie (D:6)
  2 hounds
  A jelly (D:7)
  An orc priest (D:5)
  Crazy Yiuf (D:3)
  A gnoll shaman (D:6)
  Jessica (D:2)
  Natasha (thrice) (D:3)
  5 orc wizards
  3 iguanas
  Robin (D:3)
  8 gnolls
  9 adders
  A howler monkey skeleton (D:6)
  4 river rats (Sewer)
  2 white imps
  A worm (D:4)
  4 dart slugs
  19 orcs
  7 endoplasms
  2 giant cockroaches
  13 hobgoblins
  6 jackals
  13 kobolds
  6 quokkas
  13 ball pythons
  2 bats
  2 frilled lizards
  10 goblins
  8 rats
175 creatures vanquished.

Notes
Turn   | Place    | Note
-------+----------+-------------------------------------------
     0 | D:1      | pkoi the Minotaur Brigand began the quest for the Orb.
     0 | D:1      | Reached XP level 1. HP: 18/18 MP: 0/0
   377 | D:1      | Reached XP level 2. HP: 25/25 MP: 1/1
   777 | D:1      | Reached XP level 3. HP: 30/30 MP: 2/2
  1212 | D:2      | Found a faded altar of an unknown god.
  1763 | D:2      | Noticed Jessica
  1773 | D:2      | Killed Jessica
  1774 | D:2      | Reached XP level 4. HP: 13/37 MP: 3/3
  2117 | D:3      | Found a basalt altar of Yredelemnul.
  2117 | D:3      | Found a hide-covered altar of Uskayaw.
  2360 | D:2      | Reached skill level 5 in Short Blades
  2466 | D:3      | Reached skill level 1 in Armour
  2704 | D:3      | Found a runed translucent door.
  2705 | D:3      | Noticed Crazy Yiuf
  3058 | D:2      | Reached XP level 5. HP: 22/44 MP: 4/4
  3302 | D:3      | Noticed Robin
  3319 | D:3      | Killed Robin
  3331 | D:3      | Reached skill level 1 in Evocations
  3461 | D:3      | Found an iron altar of Okawaru.
  3474 | D:3      | Found a radiant altar of Vehumet.
  3502 | D:3      | Became a worshipper of Warmaster Okawaru
  3683 | D:3      | Noticed Natasha
  3693 | D:3      | Killed Natasha
  3928 | D:3      | Found a snail-covered altar of Cheibriados.
  3928 | D:3      | Found a bloodstained altar of Trog.
  4216 | D:3      | Noticed Natasha
  4223 | D:3      | Killed Natasha
  4312 | D:3      | Noticed Natasha
  4319 | D:3      | Killed Natasha
  4407 | D:3      | Killed Crazy Yiuf
  4408 | D:3      | Reached XP level 6. HP: 30/51 MP: 5/5
  4711 | D:4      | Identified the +0 chain mail "Buelos" {Rampage rN+}
  5120 | D:4      | Identified the +7 hunting sling of the Original Sin {speed,
                  | rC+ Int+4 SInv}
  5408 | D:4      | Noticed an orc warrior
  5424 | D:4      | Killed an orc warrior
  5425 | D:4      | Reached skill level 1 in Slings
  5425 | D:4      | Reached XP level 7. HP: 22/59 MP: 6/6
  5806 | D:5      | Entered Level 5 of the Dungeon
  5806 | D:5      | Found a glowing drain.
  5827 | Sewer    | Entered a sewer
  5840 | Sewer    | Reached * piety under Okawaru
  6071 | Sewer    | Found a white marble altar of Elyvilon.
  6199 | D:5      | Noticed Grinder
  6221 | D:5      | Paralysed by Grinder for 2 turns
  6222 | D:5      | Killed Grinder
  6339 | D:5      | Reached skill level 5 in Fighting
  6339 | D:5      | Reached XP level 8. HP: 56/68 MP: 7/7
  7203 | D:5      | Reached skill level 1 in Invocations
  7448 | D:5      | Reached skill level 5 in Armour
  7856 | D:6      | Reached ** piety under Okawaru
  7958 | D:6      | Noticed Sigmund
  7966 | D:6      | Killed Sigmund
  7967 | D:6      | Reached skill level 5 in Dodging
  8178 | D:6      | Reached XP level 9. HP: 35/75 MP: 9/9
  8236 | D:6      | Noticed Duvessa
  8382 | D:6      | Noticed Dowan
  8412 | D:6      | Noticed Pikel
  8434 | D:5      | Killed Pikel
  8466 | D:6      | Killed Dowan
  8470 | D:6      | Killed Duvessa
  8777 | D:6      | Reached *** piety under Okawaru
  9155 | D:7      | Reached skill level 1 in Long Blades
  9273 | D:7      | Reached skill level 5 in Slings
  9545 | D:7      | Found an opulent altar of Gozag.
  9859 | D:7      | Found a staircase to the Ecumenical Temple.
  9928 | Temple   | Entered the Ecumenical Temple
 10203 | D:7      | Noticed Harold
 10218 | D:7      | Slain by Harold

Illustrated notes

Levels and vault maps discovered:
D:1:      dpeg_arrival_windows_large_door, layout_basic
D:2:      layout_loops_cross, chequers_ecumenical_altar_island,
          minmay_fractal_squares_gapless_5, uniq_jessica
D:3:      layout_loops_ring, vehumet_altar_wand_db,
          amethyst_overflow_temple_binary, okawaru_gym_becter,
          jmf_multi_god_temple, kennysheep_generic_room_4, uniq_robin,
          uniq_natasha, uniq_crazy_yiuf_cottage
D:4:      layout_basic, hex_tiny, minmay_misc_feat_chi, grunt_ministairs_12,
          chequers_mini_garden
D:5:      layout_loops_cross, portal_sewer_entry_a, minmay_manual_mail,
          uniq_grinder
D:6:      layout_rooms, uniq_pikel, uniq_sigmund, uniq_duvessa
D:7:      layout_gridville, nicolae_overflow_crystal_walls,
          minmay_temple_entry_crystal_x, uniq_harold
Temple:   kb_corrupted_temple

Skill      XL: |  1  2  3  4  5  6  7  8  9 |
---------------+----------------------------+-----
Short Blades   | 3 4 5 6 7 |  7.8
Armour         | 1 2 3 4 5 6 |  6.6
Evocations     | 1 2 |  2.0
Fighting       | 3 4 5 6 7 |  7.1
Dodging        | 2 3 4 5 6 |  6.0
Slings         | 1 2 4 5 |  5.2
Invocations    | 2 3 |  3.9
Long Blades    | 2 |  2.2
Throwing       | |  2.0
Stealth        | |  3.2

Action                   |  1- 3 |  4- 6 |  7- 9 || total
-------------------------+-------+-------+-------++-------
Melee: Dagger            |    82 |   199 |   419 ||   700
       Headbutt          |    12 |    31 |    70 ||   113
       Great sword       |       |       |     2 ||     2
 Fire: Hunting sling     |       |    15 |    14 ||    29
  Use: Scroll            |       |     5 |     4 ||     9
 Stab: Sleeping          |     9 |     2 |     1 ||    12
Armor: Robe              |    12 |     9 |       ||    21
       Chain mail        |       |    32 |    89 ||   121
       Ring mail         |       |       |    31 ||    31
Dodge: Dodged            |    34 |    89 |   132 ||   255
       Rpst.: Great sword |       |       |     1 ||     1
